 Dungeon Sprint DCSS version 0.20-a0-647-gf178af5 (webtiles) character file.

1116 esc the Thaumaturge (level 8, -9/81 HPs)
             Began as a Purple Draconian Ice Elementalist on Feb 15, 2017.
             Was a Follower of Vehumet.
             Mangled by Sonja
             ... wielding a +0 dagger of distortion
              (21 damage)
             ... in the Dungeon (Sprint I: "Red Sonja").
             The game lasted 00:08:22 (1087 turns).

esc the Thaumaturge (DrIE)                          Turns: 1087, Time: 00:08:23

Health: -9/81      AC: 13    Str: 10    XL:     8   Next: 12%
Magic:  12/23      EV: 12    Int: 18    God:    Vehumet [*.....]
Gold:   405        SH:  0    Dex: 12    Spells: 17/29 levels left

rFire    . . .     SeeInvis .   i - +0 dagger
rCold    . . .     Gourm    .   (armour unavailable)
rNeg     . . .     Faith    .   (no shield)
rPois    .         Spirit   .   (helmet restricted)
rElec    .         Reflect  .   (no cloak)
rCorr    .         Harm     .   (no gloves)
MR       +....     NoTele   +   (no boots)
Stlth    ++........             (no amulet)
Regen    0.3/turn               (no ring)
MPRegen  0.2/turn               (no ring)

@: lethally poisoned (-9 -> -25), icy armour, short of breath, slowed, very slow
A: breathe power, unfitting armour, cold-blooded, AC +6
a: Breathe Dispelling Energy, Renounce Religion


You were in the Dungeon.
You worshipped Vehumet.
Vehumet was aware of your devotion.
You were not hungry.

You visited 1 branch You collected 405 gold pieces.

Inventory:

Hand Weapons
 i - a +0 dagger (weapon)
   (You took it off Ijyb in the Dungeon)
Missiles
 b - a curare-tipped needle
 k - 7 steel tomahawks (quivered)
Scrolls
 h - a scroll of blinking {!r}
Potions
 c - 2 potions of curing
 d - a potion of heal wounds
 e - a potion of haste
 f - 2 potions of magic
 g - a potion of berserk rage {!q}
Books
 a - a book of Frost


   Skills:
 + Level 10.8 Fighting
 - Level 1.7 Dodging
 - Level 1.7 Stealth
 + Level 11.1 Spellcasting
 + Level 4.2 Conjurations
 + Level 10.5 Ice Magic


You had 17 spell levels left.
You knew the following spells:

 Your Spells              Type           Power        Failure   Level  Hunger
a - Freeze                Ice            ####         1%          1    None
b - Summon Ice Beast      Ice/Summ       ####....     10%         4    ##.....
x - Throw Icicle          Conj/Ice       #####...     3%          4    ##.....
A - Ozocubu's Armour      Chrm/Ice       ####....     2%          3    None


Dungeon Overview and Level Annotations

Branches:
Dungeon (1/1)

Altars:
Cheibriados
Dithmenos
Elyvilon
Fedhas
Gozag
Hepliaklqana
Kikubaaqudgha
Makhleb
Nemelex Xobeh
Okawaru
Qazlal
Ru
Sif Muna
Trog
Uskayaw
Vehumet
Xom
Yredelemnul
Zin
The Shining One
Jiyva
Lugonu

Shops:
D }

Annotations:
D Sonja


Innate Abilities, Weirdness & Mutations

You can breathe bolts of dispelling energy.
Your rich purple scales are hard. (AC +6)
You cannot fit into any form of body armour.
You are cold-blooded and may be slowed by cold attacks.


Message History

Anything else - Cancel.
Gang up on whom?
Aim: Sonja, wielding an enchanted blowgun Attack!
You feel sick.
Sonja shoots a curare-tipped needle.
The curare-tipped needle hits you.
You are more poisoned.
You have difficulty breathing.
You feel as though you will be slow longer.
Sonja gestures wildly while chanting.
Sonja blinks!
You take 8 damage, and have 63/81 hp.
Unknown command.
Unknown command.
Unknown command.
Aim: Sonja, wielding an enchanted blowgun The shard of ice hits Sonja.
You feel very sick.
Sonja gestures wildly while chanting.
Sonja blinks!
Your ice beast closely misses Sonja.
Sonja unwields an uncursed enchanted blowgun.
Sonja wields an uncursed dagger of distortion.
Its appearance distorts for a moment.
Sonja hits your ice beast with an uncursed dagger of distortion.
Space bends around your ice beast.
Sonja hits your ice beast but does no damage.
Your ice beast looks slightly unstable.
Sonja hits your ice beast but does no damage.
Space bends around your ice beast.
You take 3 damage, and have 60/81 hp.
You now have 11/23 mp.
You feel very sick.
Sonja unwields an uncursed dagger of distortion.
Its appearance distorts for a moment.
Sonja wields an uncursed enchanted blowgun.
Sonja shoots a curare-tipped needle.
The curare-tipped needle hits your ice beast.
Your ice beast completely misses Sonja.
Your ice beast misses Sonja.
Your ice beast completely misses Sonja.
Sonja shoots a curare-tipped needle.
The curare-tipped needle hits your ice beast.
Your ice beast hits Sonja but does no damage.
There is an open door, spattered with blood here.
You take 2 damage, and have 58/81 hp.
Unknown command.
Unknown command.
Unknown command.
You feel very sick.
Your ice beast disappears!
Your ice beast closely misses Sonja.
Sonja shoots a curare-tipped needle.
The curare-tipped needle hits you.
You are more poisoned.
You have difficulty breathing.
You feel as though you will be slow longer.
You take 9 damage, and have 49/81 hp.
Unknown command.
Unknown command.
Unknown command.
Aim: Sonja, wielding an enchanted blowgun (translocational energy, lightly wounded) Really fire in your ice beast's direction?
You breathe a bolt of dispelling energy.
The bolt of dispelling energy misses Sonja.
The bolt of dispelling energy hits your ice beast.
You feel somewhat more hungry.
You feel very sick.
Sonja unwields an uncursed enchanted blowgun.
Sonja wields an uncursed dagger of distortion.
Its appearance distorts for a moment.
Sonja hits you with an uncursed dagger of distortion.
Space warps horribly around you! Sonja barely misses you.
Sonja hits you but does no damage.
You feel a strange sense of stasis.
You take 19 damage, and have 30/81 hp.
MASSIVE DAMAGE!!
Unknown command.
Unknown command.
Unknown command.
You feel very sick.
Sonja hits you with an uncursed dagger of distortion.
* * * LOW HITPOINT WARNING * * *
Space bends around you.
* * * LOW HITPOINT WARNING * * *
Sonja misses you. Sonja hits you but does no damage. Space bends around you.
* * * LOW HITPOINT WARNING * * *
The ice beast hits you but does no damage.
Sonja closely misses you. Sonja hits you but does no damage.
Space bends around you.
* * * LOW HITPOINT WARNING * * *
Sonja hits you but does no damage.
You take 15 damage, and have 15/81 hp.
Unknown command.
Unknown command.
Unknown command.
Unknown command.
* * * LOW HITPOINT WARNING * * *
You feel very sick. Sonja hits you but does no damage.
Space warps horribly around you!
You die...

##########################
#<.#..'..#.)'..#__#..)...#
#..'..#..'..#..)^.'..#...#
#.)#####'#####'#__####...+
#..####..#...#(#### #####
#..#__####..##.#
#..#_____##Y#..+
#⌠⌠#_.∩...@K(._#
####_..__##_.#'#
#_____###'#.# #######
#.### $.$ $.$# ##.## #+#


You could see Sonja and an ice beast.

Vanquished Creatures
  A slime creature (D)
  Sigmund (D)
  A yak (D)
  A floating eye (D)
  An ogre (D)
  A jelly (D)
  Ijyb (D)
7 creatures vanquished.

Vanquished Creatures (collateral kills)
  2 kobold demonologists (D)
2 creatures vanquished.

Grand Total: 9 creatures vanquished

Notes
Turn   | Place    | Note
-------+----------+-------------------------------------------
     0 | D        | esc the Draconian Ice Elementalist began the quest for the Orb.
     0 | D        | Reached XP level 1. HP: 14/14 MP: 3/3
     1 | D        | Noticed Ijyb
    36 | D        | Killed Ijyb
    36 | D        | Reached skill level 3 in Fighting
    36 | D        | Reached skill level 3 in Spellcasting
    36 | D        | Reached skill level 4 in Ice Magic
    36 | D        | Reached XP level 2. HP: 13/26 MP: 0/6
   199 | D        | Noticed an ogre
   205 | D        | HP: 4/26 [ogre/giant spiked club (4)]
   209 | D        | Killed an ogre
   209 | D        | Reached skill level 5 in Fighting
   209 | D        | Reached skill level 5 in Spellcasting
   209 | D        | Reached skill level 6 in Ice Magic
   209 | D        | Reached XP level 3. HP: 6/36 MP: 1/9
   209 | D        | Reached XP level 4. HP: 7/42 MP: 1/11
   471 | D        | Learned a level 3 spell: Ozocubu's Armour
   496 | D        | Noticed Sigmund
   506 | D        | Killed Sigmund
   506 | D        | Reached skill level 7 in Fighting
   506 | D        | Reached skill level 6 in Spellcasting
   506 | D        | Reached skill level 7 in Ice Magic
   506 | D        | Reached XP level 5. HP: 52/52 MP: 4/14
   572 | D        | Found a deep blue altar of Sif Muna.
   579 | D        | Reached skill level 7 in Spellcasting
   579 | D        | Reached skill level 8 in Ice Magic
   579 | D        | Reached XP level 6. HP: 61/61 MP: 9/16
   580 | D        | Found a radiant altar of Vehumet.
   608 | D        | Became a worshipper of Vehumet
   626 | D        | Found Kiemuxup's Gadget Emporium.
   626 | D        | Found an ancient bone altar of Kikubaaqudgha.
   626 | D        | Found a hazy altar of Hepliaklqana.
   626 | D        | Found a stormy altar of Qazlal.
   626 | D        | Found a hide-covered altar of Uskayaw.
   626 | D        | Found a blossoming altar of Fedhas.
   626 | D        | Found a bloodstained altar of Trog.
   626 | D        | Found an iron altar of Okawaru.
   626 | D        | Found a basalt altar of Yredelemnul.
   626 | D        | Found a glowing golden altar of the Shining One.
   626 | D        | Found a snail-covered altar of Cheibriados.
   626 | D        | Found a sacrificial altar of Ru.
   626 | D        | Found a glowing silver altar of Zin.
   626 | D        | Found a shadowy altar of Dithmenos.
   626 | D        | Found a white marble altar of Elyvilon.
   626 | D        | Noticed a yak
   627 | D        | Found an opulent altar of Gozag.
   636 | D        | Killed a yak
   636 | D        | Reached skill level 9 in Fighting
   636 | D        | Reached skill level 9 in Ice Magic
   637 | D        | Found a sparkling altar of Nemelex Xobeh.
   694 | D        | Found a burning altar of Makhleb.
   694 | D        | Found a viscous altar of Jiyva.
   694 | D        | Found a shimmering altar of Xom.
   694 | D        | Found a corrupted altar of Lugonu.
   694 | D        | Noticed a slime creature
   706 | D        | Killed a slime creature
   706 | D        | Reached skill level 8 in Spellcasting
   706 | D        | Your scales start taking on a rich purple colour.
   706 | D        | Reached skill level 10 in Spellcasting
   706 | D        | Reached XP level 7. HP: 39/71 MP: 3/20
   712 | D        | Learned a level 4 spell: Throw Icicle
   717 | D        | Learned a level 4 spell: Summon Ice Beast
   875 | D        | Noticed a kobold demonologist
   876 | D        | Reached * piety under Vehumet
   876 | D        | Offered knowledge of Shock by Vehumet.
   876 | D        | Reached skill level 10 in Fighting
   876 | D        | Reached skill level 2 in Conjurations
   877 | D        | Noticed a kobold demonologist
   879 | D        | Noticed an orange demon
   882 | D        | Killed a kobold demonologist
   882 | D        | Reached skill level 3 in Conjurations
   882 | D        | Reached skill level 10 in Ice Magic
   948 | D        | Noticed a red devil
   949 | D        | Noticed a red devil
   951 | D        | Killed a kobold demonologist
   951 | D        | Reached skill level 11 in Spellcasting
   951 | D        | Reached skill level 4 in Conjurations
   951 | D        | Reached XP level 8. HP: 60/81 MP: 4/23
  1078 | D        | Noticed Sonja
  1086 | D        | HP: 18/81 [Sonja/uncursed dagger of distortion (3)]
  1087 | D        | Mangled by Sonja

Vault maps used:
D:        dungeon_sprint_1

Skill      XL: |  1  2  3  4  5  6  7 |
---------------+----------------------+-----
Fighting       | 3 5 7 9 10 | 10.8
Spellcasting   | 3 5 6 7 10 11 | 11.1
Ice Magic      | 4 6 7 8 9 10 | 10.5
Conjurations   | 4 |  4.2
Dodging        | |  1.7
Stealth        | |  1.7

Action                   |  1- 3 |  4- 6 |  7- 9 || total
-------------------------+-------+-------+-------++-------
Melee: Unarmed           |    22 |       |       ||    22
       Tailslap          |     3 |       |     1 ||     4
       Dagger            |       |     2 |    24 ||    26
 Cast: Freeze            |     9 |    29 |     2 ||    40
       Ozocubu's Armour  |       |     4 |     2 ||     6
       Summon Ice Beast  |       |       |     6 ||     6
       Throw Icicle      |       |       |     3 ||     3
 Abil: Breathe Dispellin |       |       |     2 ||     2
 Stab: Sleeping          |       |     2 |       ||     2
  Eat: Bread ration      |       |       |     1 ||     1
Armor: Skin              |     7 |     6 |    12 ||    25
Dodge: Dodged            |    11 |    12 |     7 ||    30

Vault maps used:
D:        dungeon_sprint_1

Table legend:
 A = Turns spent in this place as a percentage of turns spent in the entire game.
 B = Non-inter-level travel turns spent in this place as a percentage of non-inter-level travel turns spent in the entire game.
 C = Inter-level travel turns spent in this place as a percentage of turns spent in this place.
 D = Turns resting spent in this place as a percentage of non-inter-level travel turns spent in this place.
 E = Turns spent auto-exploring this place as a percentage of non-inter-level travel turns spent in this place.
 F = Non-inter-level travel turns spent in this place divided by the number of levels of this place that you've seen.
                   A       B       C       D       E      F
               +-------+-------+-------+-------+-------+----------------------
         Total | 100.0 | 100.0 |   0.0 |   6.4 |   0.0 | 389.0
       Dungeon | 100.0 | 100.0 |   0.0 |   6.4 |   0.0 | 389.0
               +-------+-------+-------+-------+-------+----------------------

Table legend:
 A = Kills in this place as a percentage of kills in entire the game.
 B = Kills by you in this place as a percentage of kills by you in the entire game.
 C = Kills by friends in this place as a percentage of kills by friends in the entire game.
 D = Other kills in this place as a percentage of other kills in the entire game.
 E = Experience gained in this place as a percentage of experience gained in the entire game.
 F = Experience gained in this place divided by the number of levels of this place that you have seen.
                   A       B       C       D       E      F
               +-------+-------+-------+-------+-------+----------------------
         Total | 100.0 | 100.0 | 100.0 |  -nan | 100.0 | 1595.0
       Dungeon | 100.0 | 100.0 | 100.0 |  -nan | 100.0 | 1595.0
               +-------+-------+-------+-------+-------+----------------------
